 Dungeon Crawl Stone Soup version 0.29.1-15-g9cfb28693d (webtiles) character file.

Game seed: 3020872324155732581

103 Renzlar the Shield-Bearer (level 4, 0/41 HPs)
             Began as a Gnoll Fighter on Apr 8, 2023.
             Slain by an iron imp (7 damage)
             ... summoned by Eustachio
             ... on level 4 of the Dungeon.
             The game lasted 00:03:15 (1125 turns).

Renzlar the Shield-Bearer (Gnoll Fighter)           Turns: 1125, Time: 00:03:16

Health: 0/41       AC:  7    Str: 17    XL:     4   Next: 79%
Magic:  5/5        EV:  9    Int:  8    God:
Gold:   28         SH:  5    Dex: 11    Spells: 5/5 levels left

rFire   . . .      SeeInvis .   a - +1 war axe
rCold   . . .      Faith    .   g - +0 buckler
rNeg    . . .      Spirit   .   b - +0 scale mail
rPois   .          Reflect  .   (no helmet)
rElec   .          Harm     .   (no cloak)
rCorr   .          Rampage  .   (no gloves)
Will    .....                   (no boots)
Stlth   ..........              (no amulet)
HPRegen 0.13/turn               (no ring)
MPRegen 0.09/turn               (no ring)

@: no status effects
A: fangs 1, strong nose, distributed training
a: no special abilities


You were on level 4 of the Dungeon.
You visited 1 branch of the dungeon, and saw 3 of its levels.

You collected 28 gold pieces.

Inventory:

Hand Weapons
 a - a +1 war axe (weapon)
 c - a +0 sling
Armour
 b - a +0 scale mail (worn)
 g - a +0 buckler (worn)
Potions
 d - a potion of might
 e - a potion of flight
 f - 3 potions of curing


   Skills:
 + Level 6.6 Fighting
 + Level 1.3 Short Blades
 + Level 1.3 Long Blades
 + Level 4.7 Axes
 + Level 1.3 Maces & Flails
 + Level 1.3 Polearms
 + Level 1.3 Staves
 + Level 1.3 Ranged Weapons
 + Level 1.3 Throwing
 + Level 6.6 Armour
 + Level 1.3 Dodging
 + Level 1.3 Stealth
 + Level 6.6 Shields
 + Level 1.3 Unarmed Combat
 + Level 1.3 Spellcasting
 + Level 1.0 Conjurations
 + Level 1.0 Hexes
 + Level 1.0 Summonings
 + Level 1.0 Necromancy
 + Level 1.0 Translocations
 + Level 1.0 Transmutations
 + Level 1.0 Fire Magic
 + Level 1.0 Ice Magic
 + Level 1.0 Air Magic
 + Level 1.0 Earth Magic
 + Level 1.0 Poison Magic
 + Level 1.4 Invocations
 + Level 1.3 Evocations


You had 5 spell levels left.
You didn't know any spells.
Your spell library contained the following spells:

 Spells                   Type           Power      Damage    Failure   Level
 Slow                     Hex            8%         N/A       67%         1
 Confusing Touch          Hex            2%         N/A       96%         3
 Vampiric Draining        Necr           2%         2d6       96%         3


Dungeon Overview and Level Annotations

Branches:
Dungeon (4/15)
 Temple: D:4-7

Altars:

Annotations:
D:4 Eustachio


Innate Abilities, Weirdness & Mutations

You have very sharp teeth.
Your uncanny sense of smell can sniff out nearby items.
Your experience applies equally to all skills.


Message History

Eustachio blinks!
The quasit barely misses you. x3
The shadow imp hits you but does no damage.
The quasit bites you. The quasit closely misses you.
The quasit claws you but does no damage.
The shadow imp closely misses you.
You barely miss Eustachio.
Eustachio is severely wounded.
You closely miss the quasit. You slash the iron imp!
You barely miss the shadow imp.
The quasit bites you but does no damage.
The quasit claws you but does no damage.
The quasit misses you.
Eustachio hits you with a +1 rapier of holy wrath!
You block the shadow imp's attack. The iron imp barely misses you.
The quasit bites you but does no damage.
The quasit claws you but does no damage. x2
Unknown command.
You hit Eustachio but do no damage. You bite Eustachio.
Eustachio is severely wounded.
You closely miss the quasit. You hit the iron imp. You hit the shadow imp.
Eustachio hits you with a +1 rapier of holy wrath.
* * * LOW HITPOINT WARNING * * *
The quasit closely misses you. The quasit claws you.
* * * LOW HITPOINT WARNING * * *
You block the quasit's attack. The shadow imp barely misses you.
The iron imp hits you.
* * * LOW HITPOINT WARNING * * *
Eustachio closely misses you. The shadow imp barely misses you.
The quasit bites you but does no damage.
The quasit barely misses you. The quasit closely misses you.
Unknown command.
You barely miss Eustachio.
Eustachio is severely wounded.
You hit the iron imp. You closely miss the shadow imp.
You barely miss the quasit.
The shadow imp disappears in a puff of smoke!
The quasit bites you but does no damage.
The quasit claws you but does no damage. x2
The iron imp hits you!
You die...

#.#### #........... #....#
#######........... #.##.#
#................# #.##.##
#................#
#.##..####................#
#.###...##................#
#.# ###........[..........#
#.# ###....@§5..........#
#.# #.....@5..........# #..
#........#######...
#................#
######.†........
#........... #...........
#.........>. #...........
#...........


You could see Eustachio, an iron imp (summoned) and a quasit (summoned).

Vanquished Creatures
  A phantom (D:4)
  An adder (D:2)
  A dart slug (D:1)
  2 endoplasms
  A goblin (D:1)
  4 hobgoblins
  2 ball pythons
  3 bats
  A frilled lizard (D:1)
  4 kobolds (D:1)
  2 rats
22 creatures vanquished.

Notes
Turn   | Place    | Note
-------+----------+-------------------------------------------
     0 | D:1      | Renzlar the Gnoll Fighter began the quest for the Orb.
     0 | D:1      | Reached XP level 1. HP: 23/23 MP: 1/1
   356 | D:1      | Reached XP level 2. HP: 29/29 MP: 2/2
   961 | D:2      | Reached XP level 3. HP: 32/35 MP: 2/4
   987 | D:2      | You fall into a shaft and drop 2 floors!
  1015 | D:4      | Noticed a phantom
  1028 | D:4      | Killed a phantom
  1029 | D:4      | Reached skill level 1 in Short Blades
  1029 | D:4      | Reached skill level 1 in Long Blades
  1029 | D:4      | Reached skill level 1 in Maces & Flails
  1029 | D:4      | Reached skill level 1 in Polearms
  1029 | D:4      | Reached skill level 1 in Staves
  1029 | D:4      | Reached skill level 1 in Ranged Weapons
  1029 | D:4      | Reached skill level 1 in Throwing
  1029 | D:4      | Reached skill level 1 in Dodging
  1029 | D:4      | Reached skill level 1 in Stealth
  1029 | D:4      | Reached skill level 1 in Unarmed Combat
  1029 | D:4      | Reached skill level 1 in Spellcasting
  1029 | D:4      | Reached skill level 1 in Conjurations
  1029 | D:4      | Reached skill level 1 in Hexes
  1029 | D:4      | Reached skill level 1 in Summonings
  1029 | D:4      | Reached skill level 1 in Necromancy
  1029 | D:4      | Reached skill level 1 in Translocations
  1029 | D:4      | Reached skill level 1 in Transmutations
  1029 | D:4      | Reached skill level 1 in Fire Magic
  1029 | D:4      | Reached skill level 1 in Ice Magic
  1029 | D:4      | Reached skill level 1 in Air Magic
  1029 | D:4      | Reached skill level 1 in Earth Magic
  1029 | D:4      | Reached skill level 1 in Poison Magic
  1029 | D:4      | Reached skill level 1 in Invocations
  1029 | D:4      | Reached skill level 1 in Evocations
  1029 | D:4      | Reached XP level 4. HP: 33/41 MP: 5/5
  1093 | D:4      | Noticed Eustachio
  1125 | D:4      | Slain by an iron imp

Illustrated notes

Levels and vault maps discovered:
D:1:      dpeg_arrival_court, layout_basic
D:2:      layout_loops_ring, nicolae_ecumenical_lake_church, basic_altar
D:4:      layout_basic, ebering_ghost_sewer_f, uniq_eustachio

Skill      XL: |  1  2  3 |
---------------+----------+-----
Short Blades   | 1 |  1.3
Long Blades    | 1 |  1.3
Maces & Flails | 1 |  1.3
Polearms       | 1 |  1.3
Staves         | 1 |  1.3
Ranged Weapons | 1 |  1.3
Throwing       | 1 |  1.3
Dodging        | 1 |  1.3
Stealth        | 1 |  1.3
Unarmed Combat | 1 |  1.3
Spellcasting   | 1 |  1.3
Conjurations   | 1 |  1.0
Hexes          | 1 |  1.0
Summonings     | 1 |  1.0
Necromancy     | 1 |  1.0
Translocations | 1 |  1.0
Transmutations | 1 |  1.0
Fire Magic     | 1 |  1.0
Ice Magic      | 1 |  1.0
Air Magic      | 1 |  1.0
Earth Magic    | 1 |  1.0
Poison Magic   | 1 |  1.0
Invocations    | 1 |  1.4
Evocations     | 1 |  1.3
Fighting       | |  6.6
Axes           | |  4.7
Armour         | |  6.6
Shields        | |  6.6

Action                   |  1- 3 |  4- 6 || total
-------------------------+-------+-------++-------
Melee: War axe           |    61 |    15 ||    76
       Bite              |    10 |     1 ||    11
 Fire: Sling             |    12 |     3 ||    15
  Use: Scroll            |     4 |       ||     4
Armor: Scale mail        |    29 |    31 ||    60
Dodge: Dodged            |    18 |    31 ||    49
Block: Buckler           |    20 |    11 ||    31
